 Dungeon Crawl Stone Soup version 0.27.1-34-g3ba077fa99 (webtiles) character file.

Game seed: 14740420366106370600

255 sking99 the Chopper (level 6, 0/53 HPs)
             Began as a Hill Orc Fighter on Jan 23, 2022.
             Was an Initiate of Qazlal.
             Slain by Grinder (4 damage)
             ... on level 5 of the Dungeon.
             The game lasted 00:04:22 (3570 turns).

sking99 the Chopper (Hill Orc Fighter)              Turns: 3570, Time: 00:04:23

Health: 0/53       AC: 16    Str: 21    XL:     6   Next: 15%
Magic:  7/7        EV:  4    Int:  8    God:    Qazlal [......]
Gold:   149        SH:  9    Dex: 10    Spells: 5/5 levels left

rFire    . . .     SeeInvis .   a - +0 war axe
rCold    . . .     Faith    .   c - +0 kite shield
rNeg     . . .     Spirit   .   h - +0 plate armour
rPois    .         Reflect  .   (no helmet)
rElec    .         Harm     .   p - +0 cloak
rCorr    .         Rampage  .   e - +2 pair of gloves
Will     .....                  (no boots)
Stlth    ..........             (no amulet)
HPRegen  0.17/turn              (no ring)
MPRegen  0.10/turn              (no ring)

@: no status effects
A: no striking features
a: Renounce Religion


You were on level 5 of the Dungeon.
You worshipped Qazlal.
Qazlal was noncommittal.
You visited 1 branch of the dungeon, and saw 5 of its levels.

You collected 149 gold pieces.

Inventory:

Hand Weapons
 a - a +0 war axe (weapon)
Armour
 c - a +0 kite shield (worn)
 e - a +2 pair of gloves (worn)
 h - a +0 plate armour (worn)
 p - a +0 cloak (worn)
Jewellery
 i - a ring of willpower
 l - an amulet of magic regeneration
Wands
 j - a wand of polymorph (7)
Scrolls
 b - a scroll of magic mapping
 g - 2 scrolls of identify
 k - a scroll of teleportation {unknown}
 n - a scroll of amnesia {unknown}
Potions
 d - a potion of might
 f - a potion of brilliance
 m - a potion of lignification {unknown}
 o - 3 potions of haste


   Skills:
 + Level 4.7 Fighting
 * Level 5.5 Axes
 - Level 3.9 Armour
 + Level 4.4 Shields
 + Level 2.0 Invocations


You had 5 spell levels left.
You didn't know any spells.
Your spell library contained the following spells:

 Spells                   Type           Power      Damage    Failure   Level
 Corona                   Hex            0%         N/A       100%        1
 Ensorcelled Hibernation  Hex/Ice        0%         N/A       100%        2
 Gell's Gravitas          Tloc           0%         N/A       100%        3
 Teleport Other           Tloc           0%         N/A       100%        3
 Tukima's Dance           Hex            0%         N/A       100%        3
 Dispersal                Tloc           0%         N/A       100%        6


Dungeon Overview and Level Annotations

Branches:
Dungeon (5/15)
 Temple: D:4-7

Altars:
Fedhas
Qazlal
Sif Muna
Vehumet

Shops:
D:2 =   D:3 :

Annotations:
D:5 Grinder


Message History

Grinder blinks!
Grinder is nearby!
Grinder gestures at you. You resist with significant effort.
Grinder gestures at you. Pain shoots through your body!
Grinder says, "DUCK!"
Grinder gestures at you.
You barely resist. You hit Grinder.
Grinder is heavily wounded.
Grinder hits you but does no damage.
You slash Grinder!
Grinder is severely wounded.
Grinder gestures at you.
You suddenly lose the ability to move!
Grinder hits you.
You writhe in agony.
Grinder gestures at you. Pain shoots through your body!
You can move again.
You barely miss Grinder.
Grinder is severely wounded.
Grinder gestures at you. Pain shoots through your body!
* * * LOW HITPOINT WARNING * * *
You barely miss Grinder.
Grinder is severely wounded.
Grinder hits you.
* * * LOW HITPOINT WARNING * * *
You writhe in agony.
* * * LOW HITPOINT WARNING * * *
Grinder gestures at you. You resist with significant effort.
You slash Grinder!
Grinder is almost dead.
Grinder gestures at you.
You shrug off the repeated paralysis!
You hit Grinder.
Grinder is almost dead.
You block Grinder's attack. Grinder hits you.
You die...

#.......# #.......#
###...### #...#
########.#
......##.#
.........###########
#####.##...........#
# #......@###.#.
#.####..5......
#.##.....##.#..
#.##.#.b##
#.##.#..###
#...........
###.......## ##
#.#####.# ##.# #.#
.#


You could see Grinder.

Vanquished Creatures
  A scorpion (D:5)
  A centaur zombie (D:5)
  A hound (D:4)
  2 adders (D:3)
  A howler monkey skeleton (D:5)
  A white imp (D:3)
  2 worms (D:4)
  2 dart slugs
  5 orcs (D:4)
  10 ball pythons
  13 bats
  7 endoplasms
  2 giant cockroaches
  7 goblins
  10 hobgoblins
  8 kobolds
  3 quokkas
  4 frilled lizards
  3 rats
83 creatures vanquished.

Vanquished Creatures (others)
  A fungus (D:2)
1 creature vanquished.

Grand Total: 84 creatures vanquished

Notes
Turn   | Place    | Note
-------+----------+-------------------------------------------
     0 | D:1      | sking99 the Hill Orc Fighter began the quest for the Orb.
     0 | D:1      | Reached XP level 1. HP: 19/19 MP: 1/1
    62 | D:1      | Reached skill level 3 in Axes
   194 | D:1      | Reached XP level 2. HP: 26/27 MP: 2/2
   517 | D:1      | Reached XP level 3. HP: 32/33 MP: 3/3
  1118 | D:2      | Found Xozajo's Jewellery Boutique.
  1166 | D:2      | Reached skill level 4 in Axes
  1262 | D:2      | Found a faded altar of an unknown god.
  1444 | D:3      | Reached XP level 4. HP: 40/40 MP: 4/4
  1599 | D:3      | Found Xoiz Fin's Book Shoppe.
  1850 | D:3      | Found a radiant altar of Vehumet.
  1854 | D:3      | Found a blossoming altar of Fedhas.
  1854 | D:3      | Found a stormy altar of Qazlal.
  1872 | D:3      | Became a worshipper of Qazlal Stormbringer
  2555 | D:4      | Found a shimmering blue altar of Sif Muna.
  2678 | D:4      | Reached skill level 1 in Invocations
  2678 | D:4      | Reached XP level 5. HP: 24/47 MP: 5/5
  3437 | D:5      | Entered Level 5 of the Dungeon
  3452 | D:5      | Reached skill level 5 in Axes
  3489 | D:5      | Noticed Grinder
  3495 | D:5      | Paralysed by Grinder for 6 turns
  3511 | D:5      | Reached XP level 6. HP: 53/53 MP: 7/7
  3565 | D:5      | Paralysed by Grinder for 2 turns
  3570 | D:5      | Slain by Grinder

Illustrated notes

Levels and vault maps discovered:
D:1:      kennysheep_arrival_seaside, layout_basic
D:2:      layout_rooms, shapermc_ecumenical_altar_mp_ritualfount, serial_shops,
          nicolae_shop_crystal, minivault_25
D:3:      layout_loops_ring, gammafunk_temple_overflow_forgotten, serial_shops,
          shop
D:4:      layout_basic, mainiacjoe_overflow_cross_hatched,
          cheibrodos_sewer_entry_bend
D:5:      layout_loops_cross, good_gods_temple_1, xom_teletrap_fun,
          minmay_temple_entry_butterflies, minmay_pentangle, uniq_grinder

Skill      XL: |  1  2  3  4  5  6 |
---------------+-------------------+-----
Axes           | 3 4 5 |  5.5
Fighting       | 4 |  4.7
Shields        | 4 |  4.4
Invocations    | 1 2 |  2.0
Armour         | |  3.9

Action                   |  1- 3 |  4- 6 || total
-------------------------+-------+-------++-------
Melee: War axe           |   119 |   120 ||   239
       Unarmed           |       |     8 ||     8
  Use: Scroll            |       |     7 ||     7
Armor: Scale mail        |    24 |       ||    24
       Plate armour      |    50 |    68 ||   118
       Skin              |       |     1 ||     1
Dodge: Dodged            |    26 |    24 ||    50
Block: Kite shield       |    69 |    57 ||   126
